 Dungeon Crawl Stone Soup version 0.14-a0-1076-gee4852e (webtiles) character file.

194 PolkaDot the Ruinous (level 4, 0/28 (30) HPs)
             Began as a Vampire Conjurer on Nov 24, 2013.
             Hit by a tomahawk thrown by an orc (5 damage)
             ... on Level 3 of the Dungeon on Nov 25, 2013.
             The game lasted 00:09:27 (2510 turns).

PolkaDot the Ruinous (Vampire Conjurer)             Turns: 2510, Time: 00:09:27

HP   0/28 (30)   AC  3     Str  6 (7)  XL: 4   Next: 74%
MP   1/8         EV 12     Int 23      God:
Gold 75          SH  0     Dex 13 (14) Spells:  2 memorised,  2 levels left

rFire  + . .     SeeInvis +     v - +3,+1 dwarf dagger (venom)
rCold  + + .     Clarity  .     a - +0 robe
rNeg   + + .     Conserve +     (no shield)
rPois  +         rCorr    .     (no helmet)
rElec  +         rRot     +     (no cloak)
SustAb . .       Spirit   .     (no gloves)
rMut   .         Warding  .     l - +0 pair of boots
Saprov . . .     Stasis   .     u - amulet of conservation {unknown}
                                (no ring)
                                e - cursed ring of hunger

@: regenerating slowly, brilliant, slightly resistant to hostile enchantments,
stealthy
A: fangs 3, see invisible, unbreathing
a: Bat Form


You were on level 3 of the Dungeon.
You were very thirsty.

You visited 1 branch of the dungeon, and saw 3 of its levels.

You collected 75 gold pieces.

Inventory:

Hand weapons
 v - a +3,+1 dwarven dagger of venom (weapon)
Armour
 a - a +0 robe (worn)
 l - a +0 pair of boots (worn)
Magical devices
 r - a wand of lightning (6) {unknown}
Scrolls
 d - a scroll of remove curse {unknown}
 f - a scroll of recharging {unknown}
 i - a scroll of enchant armour {unknown}
 j - a scroll of enchant weapon I {unknown}
 n - a scroll of curse weapon {unknown}
 o - a scroll of magic mapping {unknown}
 p - 3 scrolls of identify {unknown}
 w - a scroll of enchant weapon II {unknown}
Jewellery
 e - a cursed ring of hunger (left hand)
 u - an amulet of conservation (around neck) {unknown}
Potions
 g - 2 potions of curing
 h - 2 potions of heal wounds {unknown}
 k - a potion of beneficial mutation {unknown}
 m - a potion of paralysis {unknown}
 s - a potion of brilliance
Books
 c - a book of Conjurations

   Spells                             Type                      Level
   *Magic Dart                        Conjuration                  1
   *Searing Ray                       Conjuration                  2
   Dazzling Spray                     Conjuration/Hexes            3
   Iskenderun's Mystic Blast          Conjuration                  4
   Iskenderun's Battlesphere          Conjuration/Charms           4
   Fulminant Prism                    Conjuration/Hexes            5


   Skills:
 - Level 2.1 Dodging
 - Level 3.0 Stealth
 - Level 1.0 Spellcasting
 * Level 4.6 Conjurations


You had 2 spell levels left.
You knew the following spells:

 Your Spells              Type           Power        Failure   Level  Hunger
a - Magic Dart            Conj           ####         1%          1    ##.....
s - Searing Ray           Conj           #####.       1%          2    ###....


Dungeon Overview and Level Annotations

Branches:
Dungeon (3/16)

Altars:


Innate Abilities, Weirdness & Mutations

You heal slowly.
You have razor-sharp teeth.*
You have supernaturally acute eyesight.
You can survive without breathing.*


Message History

Drink which item? (? for menu, Esc to quit)
You feel better.
It was a potion of curing.
The scorpion stings you but does no damage.
Casting: Searing Ray
Confirm with . or Enter, or press ? or * to list all spells.
Aiming: Searing Ray
Press: ? - help, Shift-Dir - straight line, f - scorpion
Aim: a scorpion (severely wounded)
The searing ray hits the scorpion.
The scorpion is severely wounded.
The scorpion closely misses you.
The orc hits you from afar with an orcish trident.
* * * LOW HITPOINT WARNING * * *
The searing ray hits the scorpion.
The scorpion is severely wounded.
The scorpion barely misses you. The orc closely misses you.
The searing ray hits the scorpion.
You kill the scorpion!
The orc throws a tomahawk.
The tomahawk hits you!
You die...

. .#........# #......##... ..
#........# #......##### #.
#......).# #......# #..
+.......## ##......### # #..
#.......# #.........#
...##..##.......####...[.....#
................##...........#
................##...........#
..........#####@##....########
##..#..##.#####(##....# .)..
#............oo.#....##......
#..#..).........#..(.).......
#..##..#...####.#.(..#.......
#...%..# #(..o.## .....
##..#...###########. ....
..................... ###
..#...................


You could see 2 orcs.

Vanquished Creatures
  A scorpion (D:3)
  Jessica (D:3)
  2 adders (D:2)
  A worm (D:3)
  2 giant geckos
  5 orcs (D:3)
  A ball python (D:2)
  3 bats
  4 giant cockroaches
  7 goblins
  8 hobgoblins
  3 kobolds
  A quokka (D:2)
  2 giant newts (D:1)
  6 rats
47 creatures vanquished.

Notes
Turn   | Place    | Note
--------------------------------------------------------------
     0 | D:1      | PolkaDot, the Vampire Conjurer, began the quest for the Orb.
     0 | D:1      | Reached XP level 1. HP: 13/13 MP: 4/4
   196 | D:1      | Upgraded the game from 0.14-a0-1036-g6cac21b to 0.14-a0-1076-gee4852e
   284 | D:1      | Reached XP level 2. HP: 19/19 MP: 2/5
   884 | D:1      | Learned a level 2 spell: Searing Ray
  1203 | D:2      | Reached XP level 3. HP: 24/24 MP: 2/6
  1476 | D:2      | Reached skill level 4 in Conjurations
  2275 | D:3      | Reached XP level 4. HP: 25/30 MP: 4/8
  2361 | D:3      | Noticed Jessica
  2425 | D:3      | Killed Jessica
  2510 | D:3      | Hit by a tomahawk thrown by an orc

Action                   |  1- 3 |  4- 6 || total
-------------------------+-------+-------++-------
Melee: Unarmed           |    34 |       ||    34
 Cast: Magic Dart        |    69 |     4 ||    73
       Searing Ray       |     5 |     4 ||     9
  Use: Potion            |       |     5 ||     5
